 Dungeon Crawl Stone Soup version 0.29.1-2-gbd0b4ee654 (webtiles) character file.

Game seed: 18396935585360230337

46 cdecastro the Firebug (level 3, 0/29 HPs)
             Began as a Mummy Cinder Acolyte on Nov 8, 2022.
             Was a High Priest of Ignis.
             Slain by a gnoll
             ... wielding a +0 club
              (5 damage)
             ... on level 2 of the Dungeon.
             The game lasted 00:02:36 (2172 turns).

cdecastro the Firebug (Mummy Cinder Acolyte)        Turns: 2172, Time: 00:02:37

Health: 0/29       AC:  2    Str: 17    XL:     3   Next: 46%
Magic:  5/5        EV: 11    Int: 15    God:    Ignis [*****.]
Gold:   36         SH:  0    Dex:  7    Spells: 2/4 levels left

rFire   . . .      SeeInvis .   a - -1 spear (flame)
rCold   + . .      Faith    .   (no shield)
rNeg    + + +      Spirit   .   b - +0 robe
rPois   ∞          Reflect  .   (no helmet)
rElec   .          Harm     .   (no cloak)
rCorr   .          Rampage  .   (no gloves)
Will    .....                   (no boots)
Stlth   +.........              (no amulet)
HPRegen 0.09/turn               (no ring)
MPRegen 0.09/turn               (no ring)

@: no status effects
A: cold resistance 1, negative energy resistance 3, torment resistance 2, heat
vulnerability 1, in touch with death 1, no potions
a: Renounce Religion, Fiery Armour, Foxfire Swarm, Rising Flame


You were on level 2 of the Dungeon.
You worshipped Ignis.
Ignis was extremely pleased with you.
You visited 1 branch of the dungeon, and saw 2 of its levels.

You collected 36 gold pieces.

Inventory:

Hand Weapons
 a - a -1 spear of flaming (weapon)
Missiles
 g - 5 silver javelins
Armour
 b - a +0 robe (worn)
Scrolls
 c - 2 scrolls of teleportation {unknown}
 d - a scroll of identify {unknown}
 e - a scroll of blinking {unknown}
 f - a scroll of noise {unknown}


   Skills:
 - Level 3.0 Fighting
 - Level 2.4 Polearms
 - Level 1.3 Spellcasting
 + Level 3.7 Fire Magic


You had 2 spell levels left.
You knew the following spells:

 Your Spells              Type           Power      Damage    Failure   Level
a - Scorch                Fire           24%        2d6       8%          2

Your spell library contained the following spells:

 Spells                   Type           Power      Damage    Failure   Level
 Summon Lightning Spire   Summ/Air       1%         N/A       93%         4
 Maxwell's Capacitive Co  Air            0%         ∞         100%        8
 Storm Form               Tmut/Air       Unusable   N/A       N/A         7

Dungeon Overview and Level Annotations

Branches:
Dungeon (2/15)

Altars:


Innate Abilities, Weirdness & Mutations

You are immune to poison.
Your flesh is cold resistant. (rC+)
You are immune to negative energy. (rN+++)
You are immune to unholy pain and torment.
You are vulnerable to heat. (rF-)
You are in touch with the powers of death.
You do not drink.


Message History

Found a dagger.
You now have 36 gold pieces (gained 3).
A rat comes into view.
A rat is nearby!
Casting: Scorch (safe; 8% risk of failure)
Press: ? - help, Q - select action, (/) - cycle Dir - look around, f - activate Flames lash the rat.
You kill the rat!
A gnoll comes into view. It is wielding a +0 club.
The gnoll shouts!
A gnoll comes into view. It is wielding a +0 halberd.
There are monsters nearby!
There are monsters nearby!
There are monsters nearby! 2 gnolls come into view.
Found 4 stones.
The gnoll shouts!
The gnoll throws a throwing net.
The throwing net hits you.
You become entangled in the net!
The gnoll moves out of view.
You see here a throwing net.
You struggle against the net.
You struggle against the net.
You rip the net and break free!
The gnoll throws a throwing net.
The throwing net hits you.
You become entangled in the net!
You see here a throwing net.
You struggle against the net.
You struggle against the net.
You struggle against the net.
The gnoll hits you from afar with a +0 halberd!
The gnoll hits you with a +0 club!
* * * LOW HITPOINT WARNING * * *
You rip the net and break free!
The gnoll closely misses you. The gnoll hits you with a +0 club.
* * * LOW HITPOINT WARNING * * *
The gnoll misses you. The gnoll attacks as you move away!
The gnoll barely misses you. The gnoll attacks as you move away!
The gnoll misses you. The gnoll attacks as you move away!
The gnoll hits you with a +0 club.
You die...

##.## #########.#.##
#......#.###.#########
#.##.#.........#......
#.#.#..#.#..##.#.#####
#..#....<...#..#.#####
#.#....#.##.).......##
#.##.#.#..#.##.#.##.##
#....@.#.#.###.#......
####g###.......####.##
#..g...######### #.#
#g##.#.######## #.#
#.##.#........# ##.#
#.##..........# #..#
#g####........# #.##
#.......#.....# #.#
##g...........# #.###


You could see 3 gnolls.

Vanquished Creatures
  7 ball pythons
  3 bats (D:1)
  3 endoplasms (D:1)
  4 hobgoblins (D:1)
  6 jackals (D:1)
  3 quokkas
  4 frilled lizards (D:1)
  3 goblins (D:1)
  4 kobolds
  3 rats
40 creatures vanquished.

Vanquished Creatures (others)
  A plant (D:1)
1 creature vanquished.

Grand Total: 41 creatures vanquished

Notes
Turn   | Place    | Note
-------+----------+-------------------------------------------
     0 | D:1      | cdecastro the Mummy Cinder Acolyte began the quest for the
                  | Orb.
     0 | D:1      | Reached XP level 1. HP: 18/18 MP: 2/2
   269 | D:1      | Reached XP level 2. HP: 4/24 MP: 4/4
  1057 | D:1      | Gained mutation: You are in touch with the powers of death.
                  | [Mummy growth]
  1057 | D:1      | Reached XP level 3. HP: 29/29 MP: 5/5
  1473 | D:1      | Learned a level 2 spell: Scorch
  2172 | D:2      | Slain by a gnoll

Illustrated notes

Levels and vault maps discovered:
D:1:      dpeg_arrival_arbitrary_a, layout_basic, serial_bayou_pond_c,
          minmay_misc_feat_plants
D:2:      layout_loops_cross, serial_forest, infiniplex_forest_end_1,
          infiniplex_forest_zigzag_2, infiniplex_forest_end_1,
          infiniplex_forest_end_2

Skill      XL: |  1 |
---------------+----+-----
Fire Magic     | 3 |  3.7
Fighting       | |  3.0
Polearms       | |  2.4
Spellcasting   | |  1.3

Action                   || total
-------------------------++-------
Melee: Spear             ||   121
 Cast: Scorch            ||     2
Invok: Fiery Armour      ||     1
 Stab: Sleeping          ||     1
Armor: Robe              ||    20
Dodge: Dodged            ||    66
